Map: Orbital Shipyard

Players

bikez

  • Race: Protoss Protoss
  • League: Gold

LilDicky - Winner!

  • Race: Zerg Zerg
  • League: Diamond

VOD

http://www.twitch.tv/tumescentpie

Description

Time

  • Played on: Dec. 15, 2015, 10:16 p.m.
  • Length: 14:22
Show
View Real Time Build Order
Export as new Build Order

bikez Protoss 

Build Orders: Forge Fast Expand (FFE) 

Get SALT Encoding   

  12  0:02  Probe (Chrono Boost)  
  13  0:13  Probe (Chrono Boost)  
  14  0:23  Probe (Chrono Boost)  
  14  0:25  Pylon  
  15  0:40  Assimilator  
  15  0:43  Probe (Chrono Boost)  
  16  0:52  Forge  
  16  0:53  Probe (Chrono Boost)  
  17  0:57  Pylon  
  18  1:04  Probe (Chrono Boost)  
  18  1:15  Probe (Chrono Boost)  
  19  1:25  Probe (Chrono Boost)  
  20  1:31  Nexus  
  20  1:39  Probe (Chrono Boost)  
  21  1:48  Gateway  
  21  1:55  Photon Cannon  
  21  1:59  Assimilator  
  21  2:08  Photon Cannon  
  21  2:15  Probe (Chrono Boost)  
  22  2:25  Probe (Chrono Boost)  
  22  2:28  Assimilator  
  23  2:36  Probe (Chrono Boost)  
  24  2:46  Cybernetics Core, Probe (Chrono Boost)  
  25  2:55  Probe (Chrono Boost)  
  25  2:57  Probe (Chrono Boost)  
  28  3:05  Probe (Chrono Boost)  
  28  3:16  Probe (Chrono Boost), Nexus  
  28  3:19  Pylon  
  29  3:26  Protoss Shields Level 1  
  29  3:32  Mothership Core (Chrono Boost)  
  31  3:36  Probe (Chrono Boost)  
  32  3:46  Probe (Chrono Boost)  
  33  3:52  Stargate  
  33  3:56  Photon Cannon  
  33  4:00  Pylon  
  33  4:02  Probe (Chrono Boost)  
  34  4:08  Probe (Chrono Boost)  
  35  4:14  Protoss Air Weapons Level 1  
  35  4:19  Probe (Chrono Boost)  
  35  4:21  Pylon  
  35  4:24  Probe (Chrono Boost)  
  37  4:29  Probe (Chrono Boost)  
  38  4:34  Probe (Chrono Boost)  
  39  4:40  Pylon  
  39  4:41  Void Ray (Chrono Boost)  
  42  4:54  Pylon  
  42  4:58  Pylon  
  42  5:01  Stalker, Pylon  
  44  5:14  Fleet Beacon  
  44  5:31  Stalker  
  44  5:32  Photon Cannon  
  46  5:36  Pylon  
  46  5:39  Protoss Ground Weapons Level 1  
  46  5:41  Void Ray (Chrono Boost)  
  50  5:44  Probe  
  51  5:54  Probe  
  52  5:57  Assimilator  
  52  6:02  Graviton Catapult  
  50  6:05  Probe  
  51  6:15  Probe  
  51  6:16  Zealot  
  54  6:26  Probe  
  59  6:33  Carrier (Chrono Boost)  
  59  6:39  Probe  
  59  6:43  Zealot  
  59  6:45  Photon Cannon  
  62  6:50  Probe, Photon Cannon  
  62  6:53  Assimilator  
  63  7:00  Probe, Assimilator  
  64  7:10  Probe  
  64  7:11  Probe  
  64  7:15  Protoss Air Weapons Level 2  
  66  7:21  Probe x2  
  64  7:32  Probe x2  
  57  7:37  Stargate  
  57  7:39  Stargate  
  45  7:46  Mothership Core  
  42  8:06  Stalker  
  42  8:07  Probe  
  42  8:10  Probe  
  51  8:21  Probe  
  51  8:23  Pylon  
  51  8:25  Pylon  
  46  8:31  Probe  
  53  8:50  Carrier (Chrono Boost)  
  53  8:58  Zealot  
  55  9:10  Nexus  
  55  9:11  Stargate  
  55  9:19  Stargate  
  55  9:25  Zealot  
  57  9:32  Pylon  
  57  9:37  Photon Cannon  
  57  9:38  Photon Cannon  
  57  9:42  Photon Cannon  
  57  9:45  Pylon  
  57  9:48  Assimilator  
  57  9:53  Protoss Air Weapons Level 3  
  57  9:54  Assimilator  
  49  10:10  Carrier (Chrono Boost)  
Show
View Real Time Build Order
Export as new Build Order

LilDicky Zerg - Winner!

Build Orders: Hatch First 

Get SALT Encoding   

  12  0:01  Drone  
  13  0:41  Hatchery  
  12  0:49  Spawning Pool  
  11  0:55  Drone  
  11  0:56  Drone  
  13  1:01  Drone  
  14  1:06  Extractor  
  13  1:14  Overlord  
  13  1:22  Drone  
  14  1:38  Queen  
  16  2:06  Roach Warren  
  16  2:07  Drone  
  16  2:11  Drone  
  17  2:21  Drone x2  
  19  2:27  Overlord  
  19  2:36  Queen  
  21  2:45  Roach x2  
  25  2:52  Roach  
  25  2:53  Roach  
  29  2:59  Roach  
  29  3:03  Roach  
  33  3:20  Drone  
  33  3:21  Drone x2  
  36  3:29  Overlord x2  
  36  3:37  Burrow  
  36  3:40  Extractor  
  35  3:51  Ravager  
  36  4:05  Drone x12  
  48  4:21  Ravager  
  49  4:48  Ravager x2  
  49  4:51  Zergling x2  
  49  4:52  Overlord x3  
  52  5:07  Hatchery  
  52  5:08  Extractor  
  52  5:11  Extractor  
  49  5:26  Ravager x2  
  51  5:28  Drone  
  51  5:29  Drone x11  
  63  5:44  Extractor  
  63  5:45  Extractor  
  63  5:46  Drone  
  62  6:12  Zergling x2  
  62  6:13  Zergling x20  
  73  6:29  Roach x3  
  76  6:34  Spore Crawler  
  76  6:35  Spore Crawler  
  76  6:36  Spore Crawler x2  
  76  6:37  Drone  
  76  6:38  Drone  
  74  6:46  Roach x4  
  81  6:49  Spore Crawler, Queen  
  81  6:50  Spore Crawler  
  81  6:51  Overlord x2  
  81  7:09  Metabolic Boost  
  81  7:13  Ravager  
  81  7:14  Ravager  
  74  7:43  Roach  
  74  7:44  Roach x8  
  90  7:45  Roach  
  94  7:53  Zergling x2  
  94  7:54  Zergling x6  
  94  7:55  Overlord x2  
  94  7:57  Overlord x2  
  92  8:41  Roach  
  92  8:42  Roach x6  
  100  8:55  Ravager x6  
  97  8:56  Ravager x8  
  105  9:12  Lair  
  105  9:23  Drone x5  
  105  9:24  Drone  
  111  9:30  Drone  
  111  9:31  Drone x2  
  108  10:18  Overlord  
  108  10:19  Overlord x8  
  108  10:21  Overlord  
  108  10:22  Overlord  
  108  10:23  Overlord  
  108  10:24  Overlord  
  108  10:25  Overlord  
  108  10:26  Overlord  
  108  11:06  Roach x2  
  108  11:07  Roach x16  
  108  11:28  Roach x5  
  108  13:17  Roach  
  108  13:18  Roach x17  
  108  13:19  Roach x12  
  108  13:47  Hatchery  
Tags
 
Add a new tag
Caveats
  • Supply blocks, unpowered buildings, or Contaminate may cause inaccurate times.
  • Supply counts are checked every 10 seconds.